 Dungeon Crawl Stone Soup version 0.27-a0-1312-g5cdb2b3542 (webtiles) character file.

Game seed: 10270992133024786195

25 HoaS the Insei (level 2, 0/24 HPs)
             Began as a Demigod Gladiator on June 20, 2021.
             Succumbed to a scorpion's poison
             ... on level 2 of the Dungeon.
             The game lasted 00:01:48 (1161 turns).

HoaS the Insei (Demigod Gladiator)                  Turns: 1161, Time: 00:01:48

Health: 0/24       AC:  6    Str: 15    XL:     2   Next: 66%
Magic:  4/4        EV: 11    Int: 10    God:
Gold:   37         SH:  0    Dex: 15    Spells: 1/1 levels left

rFire    . . .     SeeInvis .     - Unarmed
rCold    . . .     Faith    .   (no shield)
rNeg     . . .     Spirit   .   a - +0 ring mail
rPois    .         Reflect  .   b - +0 helmet
rElec    .         Harm     .   (no cloak)
rCorr    .         Rampage  .   (no gloves)
Will     .....                  (no boots)
Stlth    +.........             (no amulet)
HPRegen  0.08/turn              (no ring)
MPRegen  0.09/turn              (no ring)

@: lethally poisoned (0 -> -6)
A: high mp 1, forlorn
a: no special abilities


You were on level 2 of the Dungeon.
You visited 1 branch of the dungeon, and saw 2 of its levels.

You collected 37 gold pieces.

Inventory:

Armour
 a - a +0 ring mail (worn)
 b - a +0 helmet (worn)
 i - a +0 chain mail
Potions
 d - 2 potions of heal wounds {unknown}
 e - a potion of degeneration {unknown}
 h - a potion of haste {unknown}


   Skills:
 - Level 1.7 Fighting
 - Level 1.7 Throwing
 - Level 2.6 Dodging
 * Level 3.7 Unarmed Combat


You had one spell level left.
You didn't know any spells.
Your spell library contained the following spells:

 Spells                   Type           Power      Damage    Failure   Level
 Animate Skeleton         Necr           0%         N/A       58%         1
 Beastly Appendage        Tmut           0%         N/A       58%         1
 Magic Dart               Conj           0%         1d3       58%         1
 Pain                     Necr           0%         1d4       58%         1
 Blink                    Tloc           N/A        N/A       75%         2
 Call Imp                 Summ           0%         N/A       75%         2
 Slow                     Hex            0%         N/A       75%         2
 Wereblood                Tmut           0%         N/A       75%         2
 Conjure Flame            Conj/Fire      0%         6-21      92%         3
 Mephitic Cloud           Conj/Pois/Air  0%         N/A       92%         3
 Spider Form              Tmut/Pois      0%         N/A       92%         3
 Vampiric Draining        Necr           0%         2d6       92%         3
 Animate Dead             Necr           0%         N/A       100%        4
 Ice Form                 Ice/Tmut       0%         N/A       100%        4
 Agony                    Necr           0%         N/A       100%        5


Dungeon Overview and Level Annotations

Branches:
Dungeon (2/15)


Innate Abilities, Weirdness & Mutations

Your attributes grow dramatically as you level up.
You have an increased reservoir of magic. (+10% MP)
You shall have no god before yourself.


Message History

The scorpion struggles against the net. x2
You hit the scorpion.
The scorpion is heavily wounded.
The scorpion struggles against the net.
The net rips apart, and the scorpion comes free!
You completely miss the scorpion.
The scorpion is heavily wounded.
The scorpion stings you.
You throw a throwing net. The throwing net hits the scorpion.
The scorpion is caught in the net!
The scorpion is heavily wounded.
The scorpion struggles against the net.
You hit the scorpion but do no damage.
The scorpion is heavily wounded.
The scorpion struggles against the net.
You hit the scorpion but do no damage.
The scorpion is heavily wounded.
The scorpion struggles against the net.
The net rips apart, and the scorpion comes free!
The scorpion closely misses you.
You hit the scorpion but do no damage.
The scorpion is heavily wounded.
The scorpion stings you.
You closely miss the scorpion.
The scorpion is heavily wounded.
The scorpion stings you.
* * * LOW HITPOINT WARNING * * *
You are lethally poisoned!
The scorpion poisons you!
You are too injured to fight recklessly!
Throw: throwing net
Press: ? - help, Shift-Dir - straight line, f/p - scorpion
Aim: a scorpion (heavily wounded, 57% to hit)
You throw a throwing net.
The throwing net barely misses the scorpion.
* * * LOW HITPOINT WARNING * * *
You feel sick. The scorpion barely misses you.
You hit the scorpion.
The scorpion is heavily wounded.
You die...

###### #..... #.....
#.....######
+.....+@s.(#####
#.....####.....#
#....(.<#.....#
#####.#.#.....#
#....##.#.....#
#.##....#.....######
#.#######)#........#
#...........######.#
#########.######


You could see a scorpion.

Vanquished Creatures
  2 ball pythons (D:1)
  A bat (D:1)
  3 endoplasms
  2 goblins
  3 hobgoblins (D:1)
  4 jackals (D:1)
  A quokka (D:1)
  A frilled lizard (D:1)
  2 kobolds
  2 rats (D:1)
21 creatures vanquished.

Notes
Turn   | Place    | Note
-------+----------+-------------------------------------------
     0 | D:1      | HoaS the Demigod Gladiator began the quest for the Orb.
     0 | D:1      | Reached XP level 1. HP: 17/17 MP: 3/3
   131 | D:1      | Reached skill level 3 in Unarmed Combat
   604 | D:1      | Reached XP level 2. HP: 22/24 MP: 4/4
  1129 | D:2      | Noticed a scorpion
  1160 | D:2      | HP: 1/24 [poisoned by a scorpion]
  1161 | D:2      | Succumbed to a scorpion's poison

Illustrated notes

Levels and vault maps discovered:
D:1:      amcnicky_arrival_flooded_fountain, layout_basic,
          hellmonk_ecumenical_altar_heavens_door, nrook_mini_backslash,
          grunt_decor_fettered, hangedman_decor_diamond_cutter
D:2:      layout_basic, basic_altar, minmay_box_of_dots, uniq_natasha

Skill      XL: |  1 |
---------------+----+-----
Unarmed Combat | 3 |  3.7
Fighting       | |  1.7
Throwing       | |  1.7
Dodging        | |  2.6

Action                   || total
-------------------------++-------
Melee: Unarmed           ||    85
Throw: Throwing net      ||     3
  Use: Scroll            ||     3
 Stab: Sleeping          ||     1
       Held in net/web   ||     1
Armor: Chain mail        ||    27
       Leather armour    ||     1
       Ring mail         ||     2
Dodge: Dodged            ||    25

Table legend: (Time is in decaauts)
 A = Elapsed time spent in this place.
 B = Non-inter-level travel time spent in this place.
 C = Inter-level travel time spent in this place.
 D = Time resting spent in this place.
 E = Time spent auto-exploring this place.
 F = Levels seen in this place.
 G = Mean time per level.
                   A        B        C        D        E       F      G
               +--------+--------+--------+--------+--------+-----+--------+
         Total |   1155 |   1115 |     40 |    270 |    646 |   2 |  577.5 |
       Dungeon |   1155 |   1115 |     40 |    270 |    646 |   2 |  577.5 |
               +--------+--------+--------+--------+--------+-----+--------+

Top non-repeatable levels by time:
     D:1: 950 daAuts
     D:2: 205 daAuts
